 Dungeon Crawl Stone Soup version 0.19.0-20-gbc5f0c6 (console) character file.

155610 Kloppie the Severer (level 17, -2/217 HPs)
             Began as a Demonspawn Berserker on Nov 16, 2016.
             Was a High Priest of Trog.
             Slain by a spectral six-headed hydra (17 damage)
             ... called from beyond by a ghost crab
             ... on level 4 of the Swamp.
             The game lasted 00:51:40 (28980 turns).

Kloppie the Severer (Demonspawn Berserker)         Turns: 28980, Time: 00:51:41

Health: -2/217     AC: 31    Str: 22    XL:     17   Next: 8%
Magic:  5/5        EV:  9    Int: 11    God:    Trog [*****.]
Gold:   1872       SH:  5    Dex: 23    Spells: 0 memorised, 16 levels left

rFire  . . .     SeeInvis .     a - +9 battleaxe (antimagic)
rCold  + . .     Gourm    .     D - +1 chain mail of the Iron Devil {rPois rC+ Stlth+}
rNeg   . . .     Faith    .     (shield currently unavailable)
rPois  +         Spirit   .     d - +1 helmet
rElec  +         Reflect  +     r - +0 cloak
rCorr  +         Harm     .     y - +0 pair of gloves {Dex+3}
MR     +++..                    (boots unavailable)
Stlth  ..........               I - +5 amulet of reflection
                                X - ring of resist corrosion
                                s - ring of Robustness {AC+8}

@: berserking, regenerating, drained, very quick
A: claws 1, talons 3, thin metallic scales 3, agile 1, foul stench 1, spiny 2,
rot immunity
a: Berserk, Trog's Hand, Brothers in Arms, Burn Spellbooks, Renounce Religion


You were on level 4 of the Swamp.
You worshipped Trog.
Trog was extremely pleased with you.
You were not hungry.

You visited 5 branches of the dungeon, and saw 30 of its levels.

You collected 2849 gold pieces.
You spent 977 gold pieces at shops.

Inventory:

Hand Weapons
 a - a +9 antimagic battleaxe (weapon)
 b - a +3 dire flail of freezing
 p - a +7 antimagic executioner's axe
 A - a +0 antimagic executioner's axe
Armour
 d - a +1 helmet (worn)
 r - a +0 cloak (worn)
 y - a +0 pair of gloves of dexterity (worn)
 D - the +1 chain mail of the Iron Devil (worn) {rPois rC+ Stlth+}
   (You found it on level 2 of the Spider Nest)

   It protects you from cold.
   It protects you from poison.
   It makes you more stealthy.
Jewellery
 k - an uncursed amulet of faith
 s - the ring of Robustness (left hand) {AC+8}
   (You found it on level 6 of the Dungeon)

   [ring of protection]

   It affects your AC (+8).
 C - an uncursed ring of protection from magic
 H - a +5 ring of evasion
 I - a +5 amulet of reflection (around neck)
 T - an uncursed ring of fire
 X - a ring of resist corrosion (right hand)
Wands
 j - a wand of polymorph (11/24)
 t - a wand of flame (39/48)
 B - a wand of teleportation (5/9)
 J - a wand of confusion (30/48)
 L - a wand of lightning (11/15)
Scrolls
 f - 12 scrolls of remove curse
 l - 2 scrolls of identify
 u - 8 scrolls of teleportation
 x - 9 scrolls of enchant armour
 F - 3 scrolls of recharging
 K - 3 scrolls of fear
 W - 2 scrolls of fog
Potions
 e - 2 potions of invisibility
 g - 2 potions of agility
 i - 7 potions of might
 m - 4 potions of curing
 n - 6 potions of cancellation
 q - 3 potions of flight
 z - a potion of cure mutation
 E - 5 potions of haste
Comestibles
 c - 13 bread rations
 h - 18 meat rations
 v - 12 beef jerkies
 w - 17 fruits
 M - 3 slices of pizza


   Skills:
 - Level 16.4(15.9) Fighting
 + Level 19.2(18.6) Axes
 + Level 13.4(12.9) Armour
 - Level 1.7(1.4) Dodging


You had 16 spell levels left.
You didn't know any spells.

Dungeon Overview and Level Annotations

Branches:
Dungeon (15/15)            Temple (0/1) D:5            Lair (6/6) D:9
  Swamp (4/4) Lair:3       Spider (3/4) Lair:3        Slime (0/5) Lair:6
    Orc (2/2) D:9             Elf (0/3) Orc:2        Vaults (0/5) D:13
 Depths: D:15

Altars:
Kikubaaqudgha
Jiyva

Shops:
D:9 %   D:12 (   Orc:2 (((}

Annotations:
D:14 Agnes


Innate Abilities, Weirdness & Mutations

You have claws for feet.
You are completely covered in thin metallic scales. (AC +4, rElec)
You may emit foul miasma when damaged in melee.
You are mostly covered in sharp spines.
You are immune to rotting.
You have sharp fingernails.
You are agile. (Dex +2)


Message History

You destroy the spectral alligator!
You slash the spectral six-headed hydra!
You slash the spectral four-headed hydra!
You slice the ghost crab!!
You are engulfed in spectral mist.
* * * LOW HITPOINT WARNING * * *
The spectral four-headed hydra fades away!
The ghost crab breathes spectral mist at you.
The spectral mist engulfs you!
The spectral spriggan rider hits you but does no damage.
You slash the ghost crab! You claw the ghost crab!
The ghost crab is almost destroyed.
You slash the spectral spriggan rider! You slice the spectral swamp drake!!
You destroy the spectral swamp drake!
You slash the spectral swamp drake!
You slice the spectral six-headed hydra!!
You hit the spectral seven-headed hydra.
You are engulfed in spectral mist.
The spectral six-headed hydra bites you but does no damage.
The spectral six-headed hydra bites you!
You die...

≈.≈♣# ....P... ♣≈.≈≈≈.≈♣♣♣§≈§..≈
.≈≈.# #..PP...##♣.≈§≈≈.≈♣♣≈.≈...≈
.≈..♣♣#.....D.#♣...≈≈≈≈.≈♣≈≈≈≈≈.≈
..≈.≈≈ #.....##≈.....≈≈≈.♣≈≈≈≈≈.≈
....≈≈♣##...##♣.....≈≈≈≈♣♣♣.≈≈≈..
..≈...≈≈##.##≈≈≈.♣≈.§≈≈≈♣ ♣♣♣[≈÷.
≈.≈§.....!..§§♣§§§♣.)§≈♣♣♣♣≈...♣♣
..≈...≈.≈♣.♣§♣♣§ZZ§Z§§≈§≈≈♣♣.≈.♣.
......§P≈.P♣♣♣.t@§§§♣♣♣≈≈≈..≈..§≈
≈.≈...≈≈f§P♣♣..Z§Z§§♣♣♣≈.≈.≈≈..♣≈
≈..≈..≈§≈≈..≈.§§♣♣§≈.♣♣♣♣♣≈≈...♣≈
.≈............≈♣♣§§§♣♣♣♣♣♣≈≈≈≈.♣♣
≈≈.≈..≈≈.....≈≈.♣.≈♣♣≈≈≈≈≈≈§≈≈..≈
.≈....≈.....≈..≈.≈.♣♣≈≈≈≈≈♣.≈≈...
.≈≈.....≈≈≈..♣.≈..♣♣♣≈.≈≈≈.♣≈♣♣♣♣
≈≈..≈≈≈.≈....≈♣.♣♣♣♣.♣♣♣♣..♣♣♣
§≈..≈≈≈.....D..♣♣♣♣.≈≈.♣♣♣♣♣


You could see a ghost crab, a spectral seven-headed hydra, a spectral six-headed
hydra, a spectral swamp drake, a spectral swamp dragon and a spectral spriggan
rider.

Vanquished Creatures
  Arachne (Spider:3)
  Kirke (Lair:4)
  A thorn hunter (Swamp:4)
  An emperor scorpion (Spider:3)
  Aizul (Spider:1)
  The ghost of Kloppie the Warrior, a journeyman DrBe of Trog (Swamp:1)
  Louise (Swamp:4)
  The ghost of RaHiT the Carver, a journeyman DsCK of Xom (Spider:1)
  2 very ugly things (Swamp:2)
  An entropy weaver (Spider:3)
  4 dire elephants (Lair:6)
  16 hydras
  4 vault guards (D:13)
  A ghost crab (Swamp:3)
  An anaconda (Lair:6)
  2 death knights
  2 centaur warriors (D:13)
  8 alligators
  6 death yaks (Lair:5)
  2 orc high priests
  Nergalle (D:10)
  8 skeletal warriors
  An unseen horror (D:13)
  13 swamp dragons
  The ghost of Minion the Carver, a novice HEFi of Qazlal (D:8)
  An orange crystal statue (D:12)
  A spriggan druid (Swamp:4)
  3 shambling mangroves
  4 hill giants
  Pikel (D:6)
  8 wolf spiders
  8 orb spiders
  5 orc sorcerers
  3 orc knights (Orc:2)
  A manticore (D:13)
  4 ugly things
  14 elephants
  A black mamba (Lair:1)
  Maurice (D:13)
  18 spiny frogs
  4 torpor snails
  2 freezing wraiths (D:13)
  12 demonic crawlers
  10 komodo dragons
  4 trolls
  14 jumping spiders
  Grinder (D:5)
  4 tyrant leeches
  17 hornets
  2 two-headed ogres
  6 bog bodies
  13 hippogriffs
  8 blink frogs
  19 slime creatures
  4 dream sheep (Lair:5)
  A shadow (D:13)
  A water elemental (D:14)
  6 wraiths
  2 spriggans
  39 yaks
  35 redbacks
  25 tarantellas
  5 wyverns
  A steam dragon (Lair:4)
  5 hogs (Lair:4)
  Grum (D:9)
  A hungry ghost (D:9)
  2 basilisks
  27 vampire mosquitoes
  5 wargs
  21 insubstantial wisps
  A soldier ant (D:11)
  19 swamp worms
  14 water moccasins
  5 sky beasts
  12 porcupines
  17 swamp drakes
  A black bear (D:10)
  2 slaves (D:6)
  2 necrophages (D:8)
  25 orc warriors
  3 phantoms
  19 wolves
  10 ogres
  14 centaurs
  15 crocodiles
  3 big kobolds
  16 bullfrogs
  A water moccasin zombie (D:9)
  A scorpion (D:8)
  6 killer bees
  A water moccasin skeleton (D:9)
  11 wights
  2 howler monkeys (D:7)
  14 electric eels
  11 jellies
  5 crimson imps
  A quasit (D:9)
  22 orc priests
  4 hounds
  6 bullfrog skeletons
  4 centaur skeletons
  3 centaur zombies
  29 orc wizards
  7 iguanas
  10 worker ants
  A hound zombie (D:9)
  A worker ant zombie (D:6)
  3 gnolls (D:5)
  9 adders
  A howler monkey skeleton (D:5)
  2 shadow imps
  3 adder zombies (D:7)
  5 worms
  2 dart slugs
  6 leopard geckos
  90 orcs
  5 giant cockroaches
  7 goblins
  6 hobgoblins
  5 jackals
  3 quokkas
  7 bats
  10 frilled lizards
  16 kobolds
  A leopard gecko skeleton (D:4)
  17 rats
  A briar patch (Swamp:4)
  4 fungi
  2 plants (Lair:6)
974 creatures vanquished.

Vanquished Creatures (collateral kills)
  2 orc high priests (Orc:2)
  Sonja (D:10)
  2 orc knights (Orc:2)
  An orb spider (Spider:3)
  An orc sorcerer (Orc:2)
  An orc warrior (Orc:2)
  An orc wizard (Orc:2)
  An orc priest (Orc:2)
10 creatures vanquished.

Vanquished Creatures (others)
  A hornet (Swamp:1)
  A yak (D:13)
  A soldier ant (D:13)
  A human (D:2)
  2 orc wizards
  A bullfrog skeleton (D:13)
  A shadow imp (D:8)
  An orc (Orc:2)
  4 briar patches (Swamp:4)
  8 fungi
  5 plants (Lair:6)
26 creatures vanquished.

Grand Total: 1010 creatures vanquished

Notes
Turn   | Place    | Note
-------+----------+-------------------------------------------
     0 | D:1      | Kloppie the Demonspawn Berserker began the quest for the Orb.
     0 | D:1      | Reached XP level 1. HP: 18/18 MP: 1/1
   308 | D:1      | Reached skill level 3 in Axes
   308 | D:1      | Gained mutation: You are immune to rotting. [demonic ancestry]
   308 | D:1      | Reached XP level 2. HP: 13/24 MP: 2/2
   867 | D:2      | Gained mutation: You are partially covered in thin metallic scales. (AC +2) [demonic ancestry]
   867 | D:2      | Reached XP level 3. HP: 25/30 MP: 3/3
   886 | D:2      | Reached ** piety under Trog
   957 | D:2      | Found an ancient bone altar of Kikubaaqudgha.
  1333 | D:2      | Noticed a human
  1334 | D:2      | Killed a human
  1378 | D:2      | Gained mutation: You are partially covered in sharp spines. [demonic ancestry]
  1378 | D:2      | Reached XP level 4. HP: 31/37 MP: 4/4
  2423 | D:3      | Reached skill level 4 in Axes
  2423 | D:3      | Gained mutation: You have sharp toenails. [demonic ancestry]
  2423 | D:3      | Reached XP level 5. HP: 35/43 MP: 5/5
  2598 | D:4      | Reached skill level 5 in Fighting
  2658 | D:4      | Noticed a centaur
  2673 | D:4      | Killed a centaur
  2673 | D:4      | Reached XP level 6. HP: 36/51 MP: 6/6
  3078 | D:4      | Reached skill level 5 in Axes
  3275 | D:5      | Entered Level 5 of the Dungeon
  3304 | D:5      | Reached *** piety under Trog
  3310 | D:5      | Reached XP level 7. HP: 57/58 MP: 7/7
  3437 | D:5      | Reached skill level 6 in Axes
  3450 | D:5      | Gained mutation: You are mostly covered in thin metallic scales. (AC +3) [demonic ancestry]
  3450 | D:5      | Reached XP level 8. HP: 43/67 MP: 8/8
  4014 | D:5      | Gained mutation: You have sharp fingernails. [potion of beneficial mutation]
  4015 | D:5      | Gained mutation: You are agile. (Dex +2) [potion of beneficial mutation]
  4037 | D:5      | Noticed Grinder
  4047 | D:5      | Killed Grinder
  4047 | D:5      | Reached skill level 7 in Axes
  4071 | D:5      | Found a staircase to the Ecumenical Temple.
  4358 | D:6      | Reached skill level 8 in Axes
  4412 | D:6      | Noticed Pikel
  4431 | D:6      | Killed Pikel
  4431 | D:6      | Reached XP level 9. HP: 76/76 MP: 9/9
  4802 | D:6      | Reached **** piety under Trog
  5082 | D:7      | Reached skill level 9 in Axes
  5792 | D:8      | Noticed Minion's ghost (novice HEFi)
  5813 | D:8      | Killed Minion's ghost
  5813 | D:8      | Gained mutation: You are completely covered in thin metallic scales. (AC +4, rElec) [demonic ancestry]
  5813 | D:8      | Reached XP level 10. HP: 50/85 MP: 10/10
  6074 | D:8      | Reached skill level 10 in Axes
  6083 | D:8      | Reached skill level 5 in Armour
  6416 | D:8      | Reached ***** piety under Trog
  6677 | D:9      | Found a staircase to the Orcish Mines.
  6731 | D:9      | Found a staircase to the Lair.
  6731 | D:9      | Noticed an elephant
  6760 | D:9      | Killed an elephant
  6815 | D:9      | Noticed Grum
  6835 | D:9      | Killed Grum
  6905 | D:9      | Found Runkygry's Food Emporium.
  6979 | D:9      | Reached skill level 11 in Axes
  7187 | D:9      | Received a gift from Trog
  7719 | D:10     | Entered Level 10 of the Dungeon
  7719 | D:10     | Noticed a hill giant
  7730 | D:10     | Gained mutation: You have razor-sharp toenails. [demonic ancestry]
  7730 | D:10     | Reached XP level 11. HP: 87/90 MP: 11/11
  7738 | D:10     | Killed a hill giant
  7849 | D:10     | Noticed Nergalle
  7872 | D:10     | Killed Nergalle
  8048 | D:10     | Noticed Sonja
  8057 | D:10     | Killed Sonja
  8152 | Orc:1    | Entered Level 1 of the Orcish Mines
  8154 | Orc:1    | Noticed an orc high priest
  8155 | Orc:1    | Noticed an orc sorcerer
  8167 | D:9      | Received a gift from Trog
  8464 | D:9      | Killed an orc high priest
  8648 | Orc:1    | Paralysed by an orc sorcerer for 3 turns
  8656 | D:9      | Killed an orc sorcerer
  8656 | D:9      | Reached skill level 12 in Axes
  8843 | Lair:1   | Entered Level 1 of the Lair of Beasts
  9577 | Lair:1   | Noticed a four-headed hydra
  9586 | Lair:1   | Killed a four-headed hydra
  9908 | Lair:2   | Reached XP level 12. HP: 63/97 MP: 12/12
  9989 | Lair:2   | Reached skill level 10 in Armour
 10389 | Lair:2   | Reached skill level 13 in Axes
 11301 | Lair:3   | Found a hole to the Spider Nest.
 11576 | Lair:3   | Noticed a seven-headed hydra
 11588 | Lair:3   | Killed a seven-headed hydra
 11588 | Lair:3   | Reached skill level 10 in Fighting
 11688 | Lair:3   | Found a staircase to the Swamp.
 12366 | Lair:4   | Noticed a seven-headed hydra
 12378 | Lair:4   | Killed a seven-headed hydra
 12576 | Lair:4   | You fall through a shaft!
 12632 | Lair:5   | Reached skill level 14 in Axes
 12658 | Lair:5   | Gained mutation: You are mostly covered in sharp spines. [demonic ancestry]
 12658 | Lair:5   | Reached XP level 13. HP: 59/106 MP: 13/13
 12896 | Lair:4   | Noticed Kirke
 12909 | Lair:4   | Killed Kirke
 13195 | Lair:5   | Received a gift from Trog
 14386 | D:11     | Reached skill level 15 in Axes
 14750 | D:11     | Received a gift from Trog
 14838 | D:12     | Found Woakelua's Antique Weapon Shop.
 14875 | D:12     | Found a viscous altar of Jiyva.
 15315 | D:12     | Reached XP level 14. HP: 100/118 MP: 4/14
 15523 | D:12     | Got a jewelled chain mail
 15544 | D:12     | Identified the +4 chain mail of the Eternal Void {*Contam rN+ Dex+4} (You found it on level 12 of the Dungeon)
 16204 | D:13     | Found a gate to the Vaults.
 16348 | D:13     | Noticed Maurice
 16354 | D:13     | Killed Maurice
 16354 | D:13     | Reached skill level 16 in Axes
 16470 | D:13     | Received a gift from Trog
 16546 | D:13     | You fall through a shaft for 2 floors!
 16546 | D:15     | Entered Level 15 of the Dungeon
 16635 | D:14     | Noticed Agnes
 17053 | Orc:2    | Entered Level 2 of the Orcish Mines
 17258 | Orc:2    | Found a staircase to the Elven Halls.
 17311 | Orc:1    | Received a gift from Trog
 17919 | Orc:2    | Reached skill level 15 in Fighting
 17924 | Orc:2    | Found Rofogodd's Antique Weapon Emporium.
 17924 | Orc:2    | Found Uway's Antique Weapon Boutique.
 17926 | Orc:2    | Found Leeress's Gadget Emporium.
 17926 | Orc:2    | Found Zeecleoja's Weapon Boutique.
 17971 | Orc:2    | Bought a jewelled eveningstar for 680 gold pieces
 17979 | Orc:2    | Bought a wand of teleportation (5/9) for 297 gold pieces
 18158 | Lair:6   | Entered Level 6 of the Lair of Beasts
 18219 | Lair:6   | Found a staircase to the Slime Pits.
 18279 | Lair:6   | Received a gift from Trog
 18350 | Lair:6   | Identified the +7 eveningstar "Udyal" {crush, Fragile rF+ Str+5} (You bought it in a shop on level 2 of the Orcish Mines)
 18690 | Lair:6   | Gained mutation: You have claws for feet. [demonic ancestry]
 18690 | Lair:6   | Reached XP level 15. HP: 129/129 MP: 5/15
 19206 | Lair:6   | Reached skill level 17 in Axes
 19596 | Swamp:1  | Entered Level 1 of the Swamp
 20145 | Swamp:1  | Got a translucent amber ring
 20147 | Swamp:1  | Identified the ring of the Jolly Beggars {Int+3 Dex+3 Stlth+} (You found it on level 1 of the Swamp)
 20239 | Swamp:1  | Noticed Kloppie's ghost (journeyman DrBe)
 20262 | Swamp:1  | Killed Kloppie's ghost
 20462 | Swamp:1  | Received a gift from Trog
 22414 | Swamp:3  | Got a translucent hand axe
 22519 | Swamp:3  | Received a gift from Trog
 22813 | Lair:3   | Identified the +2 hand axe of the Original Sin {chop, rPois} (You found it on level 3 of the Swamp)
 22843 | Spider:1 | Entered Level 1 of the Spider Nest
 23163 | Spider:1 | Noticed Aizul
 23171 | Spider:1 | Killed Aizul
 23289 | Spider:1 | Noticed RaHiT's ghost (journeyman DsCK)
 23313 | Spider:1 | Killed RaHiT's ghost
 23313 | Spider:1 | Gained mutation: You may emit foul miasma when damaged in melee. [demonic ancestry]
 23313 | Spider:1 | Reached XP level 16. HP: 74/139 MP: 5/16
 23449 | Spider:1 | Reached skill level 18 in Axes
 24050 | Spider:1 | Received a gift from Trog
 24167 | Spider:1 | Reached ****** piety under Trog
 24631 | Spider:2 | Got a crude chain mail
 24632 | Spider:2 | Identified the +1 chain mail of the Iron Devil {rPois rC+ Stlth+} (You found it on level 2 of the Spider Nest)
 25725 | Spider:3 | Noticed Arachne
 25741 | Spider:3 | Received a gift from Trog
 25753 | Spider:3 | Killed Arachne
 26983 | Swamp:4  | Entered Level 4 of the Swamp
 27490 | Swamp:4  | Noticed Louise
 27502 | Swamp:4  | Killed Louise
 27615 | Swamp:4  | Reached skill level 19 in Axes
 28049 | Swamp:4  | Reached XP level 17. HP: 86/145 MP: 17/17
 28763 | Swamp:4  | Received a gift from Trog
 28980 | Swamp:4  | Slain by a spectral six-headed hydra

Skill      XL: |  1  2  3  4  5  6  7  8  9 10 11 12 13 14 15 16 |
---------------+-------------------------------------------------+-----
Axes           | 3 4 5 6 8 9 11 12 14 15 16 17 19 | 19.2
Fighting       | 4 5 6 7 9 11 13 15 16 | 16.4
Armour         | 4 7 9 10 11 13 | 13.4
Dodging        | |  1.7

Action                   |  1- 3 |  4- 6 |  7- 9 | 10-12 | 13-15 | 16-18 || total
-------------------------+-------+-------+-------+-------+-------+-------++-------
Melee: Hand axe          |   139 |   118 |   270 |   525 |       |       ||  1052
       Kick              |       |    25 |    95 |   416 |   463 |   248 ||  1247
       War axe           |       |       |       |   367 |   136 |       ||   503
       Dire flail        |       |       |       |    20 |     7 |   157 ||   184
       Battleaxe         |       |       |       |       |   963 |   380 ||  1343
Invok: Berserk           |     4 |     2 |     6 |     7 |    12 |     3 ||    34
       Trog's Hand       |       |       |     3 |     6 |    11 |     8 ||    28
       Brothers in Arms  |       |       |       |     1 |     1 |     1 ||     3
  Use: Scroll            |       |     6 |    13 |     6 |    14 |    15 ||    54
       Potion            |       |       |     2 |     3 |     1 |     2 ||     8
 Stab: Sleeping          |     1 |       |       |       |       |       ||     1
       Distracted        |       |       |       |       |     1 |     1 ||     2
  Eat: Chunk             |     5 |     7 |    15 |    30 |    34 |    10 ||   101
       Bread ration      |       |       |       |     1 |     1 |     2 ||     4
       Royal jelly       |       |       |       |       |     6 |     4 ||    10
Armor: Animal skin       |    15 |       |       |       |       |       ||    15
       Plate armour      |    45 |    86 |   128 |   488 |    77 |       ||   824
       Chain mail        |       |       |       |       |   463 |   526 ||   989
Dodge: Dodged            |    73 |    34 |    68 |   351 |   579 |   308 ||  1413
Block: Other             |       |     3 |    50 |   166 |   237 |   159 ||   615
       Reflection        |       |       |     8 |     2 |     4 |       ||    14
